 Dungeon Crawl Stone Soup version 0.31-a0-965-g8a8ce12e04 (webtiles) character file.

Game seed: 16011984224072389088

12475 themarg the Fighter (level 11, -2/115 HPs)
             Began as a Troll Gladiator on Oct 26, 2023.
             Was a High Priest of Okawaru.
             Slain by a six-headed hydra (10 damage)
             ... on level 2 of the Lair of Beasts on Oct 27, 2023.
             The game lasted 00:52:50 (10445 turns).

themarg the Fighter (Troll Gladiator)              Turns: 10445, Time: 00:52:51

Health: -2/115     AC:  6    Str: 28    XL:     11   Next: 62%
Magic:  12/16      EV: 11    Int:  4    God:    Okawaru [*****.]
Gold:   652        SH:  5    Dex: 11    Spells: 10/10 levels left

rFire   . . .        J - +1 whip (elec)
rCold   + . .        (no shield)
rNeg    . . .        a - +0 robe
rPois   .            b - +1 hat
rElec   .            f - +0 cloak
rCorr   .            (gloves unavailable)
SInv    +            (boots unavailable)
Will    .....        q - amulet of reflection
Stlth   +            A - ring of protection from cold
HPRegen 1.19/turn    x - ring of see invisible
MPRegen 0.15/turn

%: reflection
@: finesse-ful
A: large, unfitting armour, claws 3, regeneration 1, shaggy fur 1, tough skin 1
a: Renounce Religion, Heroism, Finesse, Duel


You were on level 2 of the Lair of Beasts.
You worshipped Okawaru.
Okawaru was extremely pleased with you.
You visited 3 branches of the dungeon, and saw 12 of its levels.
You also visited: Ossuary and Gauntlet.

You collected 754 gold pieces.
You spent 102 gold pieces at shops.

Inventory:

Hand Weapons
 J - a +1 whip of electrocution (weapon)
 Q - the +7 lajatang of Order {silver, rMut}
   (You found it on level 1 of the Lair of Beasts)

   rMut:      It protects you from mutation.
Missiles
 c - 2 throwing nets
 h - 88 stones
 j - 6 javelins
 l - 18 poisoned darts
 m - 3 darts of dispersal
 w - 4 boomerangs (quivered)
 I - 3 curare-tipped darts
 O - 4 large rocks
Armour
 a - a +0 robe (worn)
 b - a +1 hat (worn)
 f - a +0 cloak (worn)
Jewellery
 q - an amulet of reflection (around neck)
 x - a ring of see invisible (right claw)
 A - a ring of protection from cold (left claw)
 C - a ring of protection from fire
 K - a ring of positive energy
 N - the ring "Quclysm" {Fly rN+ Int+3 Dex-5 Slay+2}
   (You found it in a Gauntlet)

   [ring of positive energy]

   Int+3:     It affects your intelligence (+3).
   Dex-5:     It affects your dexterity (-5).
   Slay+2:    It affects your accuracy & damage with ranged weapons and melee
   (+2).
   rN+:       It protects you from negative energy.
   Fly:       It grants you flight.
 U - a +5 ring of evasion
 Z - a ring of fire
Wands
 d - a wand of iceblast (5)
 L - a wand of mindburst (20)
 R - a wand of polymorph (2)
 S - a wand of flame (34)
 X - a wand of acid (1)
Scrolls
 e - 2 scrolls of immolation
 i - 3 scrolls of vulnerability
 k - 2 scrolls of teleportation
 n - 3 scrolls of blinking
 o - a scroll of revelation
 u - a scroll of noise
 y - 2 scrolls of fear
 z - 7 scrolls of poison
 B - a scroll of amnesia
 D - a scroll of torment {unknown}
 E - 2 scrolls of fog
 G - 2 scrolls of enchant weapon
 Y - a scroll of summoning {unknown}
Potions
 g - 2 potions of heal wounds
 p - a potion of cancellation
 r - 5 potions of brilliance
 s - 6 potions of curing
 t - 3 potions of enlightenment
 F - 3 potions of might
 H - 3 potions of invisibility
 M - a potion of attraction
 P - a potion of experience {unknown}
 V - a potion of mutation {unknown}
 W - a potion of berserk rage {unknown}
Miscellaneous
 T - a phial of floods


   Skills:
 + Level 9.5 Fighting
 - Level 6.0 Throwing
 - Level 5.0 Dodging
 + Level 9.4 Unarmed Combat
 * Level 8.3 Invocations
 - Level 1.0 Evocations


You had 10 spell levels left.
You didn't know any spells.
Your spell library contained the following spells:

 Spells                   Type           Power      Damage    Failure   Level
 Freeze                   Ice            0%         1d3       50%         1
 Necrotise                Necr           0%         1d4       50%         1
 Sandblast                Erth           0%         2d4       50%         1
 Passwall                 Tmut/Erth      0%         N/A       65%         2
 Frozen Ramparts          Ice            0%         1d1       86%         3
 Gell's Gravitas          Tloc           0%         N/A       86%         3
 Hailstorm                Conj/Ice       0%         3d3       86%         3
 Stone Arrow              Conj/Erth      0%         3d7       86%         3
 Teleport Other           Tloc           0%         N/A       86%         3
 Vampiric Draining        Necr           0%         2d6       86%         3
 Brom's Barrelling Bould  Conj/Erth      0%         2d3       99%         4
 Agony                    Necr           0%         N/A       100%        5
 Dispersal                Tloc           0%         N/A       100%        6


Dungeon Overview and Level Annotations

Branches:
Dungeon (9/15)             Temple (1/1) D:5            Lair (2/5) D:9
Ossuary (visited)         Gauntlet (visited)
  Swamp: Lair:2-3    Shoals: Lair:2-3     Snake: Lair:2-3    Spider: Lair:2-3
    Orc: D:9-12

Altars:
Ashenzari
Cheibriados
Dithmenos
Elyvilon
Fedhas
Gozag
Hepliaklqana
Kikubaaqudgha
Makhleb
Nemelex Xobeh
Okawaru
Qazlal
Ru
Sif Muna
Trog
Uskayaw
Vehumet
Wu Jian
Yredelemnul
Zin
The Shining One

Shops:
D:7 *   D:9 *

Annotations:
Lair:1 exclusion: 2 downstairs


Innate Abilities, Weirdness & Mutations

You are too large for most types of armour.
You have claws for hands.
Your natural rate of healing is unusually fast.
You are covered in fur. (AC +1)
You have tough skin. (AC +1)


Message History

You barely miss the six-headed hydra.
The six-headed hydra is moderately wounded.
You hit the six-headed hydra.
The six-headed hydra is moderately wounded.
The six-headed hydra closely misses you.
The six-headed hydra bites you but does no damage.
The six-headed hydra misses you. The six-headed hydra bites you!
The six-headed hydra bites you. The six-headed hydra bites you!
You hit the six-headed hydra.
The six-headed hydra is heavily wounded.
You hit the six-headed hydra.
Lightning courses through the six-headed hydra!
The six-headed hydra is severely wounded.
The six-headed hydra bites you! x2
The six-headed hydra bites you but does no damage.
The six-headed hydra bites you! x3
* * * LOW HITPOINT WARNING * * *
Okay, then.
You feel much better. The six-headed hydra barely misses you.
You block the six-headed hydra's attack.
The six-headed hydra barely misses you. The six-headed hydra bites you.
You block the six-headed hydra's attack.
The six-headed hydra bites you but does no damage.
You hit the six-headed hydra.
Lightning courses through the six-headed hydra!!
The six-headed hydra is almost dead.
You hit the six-headed hydra.
The six-headed hydra is almost dead.
You block the six-headed hydra's attack.
The six-headed hydra barely misses you. The six-headed hydra bites you!
The six-headed hydra barely misses you. The six-headed hydra bites you!
* * * LOW HITPOINT WARNING * * *
The six-headed hydra bites you!
* * * LOW HITPOINT WARNING * * *
You completely miss the six-headed hydra.
The six-headed hydra is almost dead.
The six-headed hydra bites you!
* * * LOW HITPOINT WARNING * * *
The six-headed hydra bites you!
You die...

$.^. .... ....
#.....# ..... ...#
..... ..... ....
...<# ..# ..# ###
.....P
.....#.#####.##......
.......<.............
............@D.......
.....................
.....................
.....###P.P#.........
..... ########......
.... .....# .##.
.....# ...... . ... .


You could see a six-headed hydra.

Vanquished Creatures
  A minotaur (Gauntlet)
  A two-headed ogre (D:9)
  2 cane toads (Lair:1)
  3 komodo dragons (Lair:1)
  Jeremiah (D:9)
  A polar bear (Lair:1)
  4 centaur simulacra (Gauntlet)
  A shadow (D:9)
  5 wyverns
  20 yaks
  A neqoxec (Gauntlet)
  A basilisk (D:8)
  2 chaos spawn (Gauntlet)
  An acid dragon (D:9)
  7 water moccasins (Lair:1)
  3 orc warriors
  2 black bears
  An ice beast (D:5)
  4 wolves (Lair:1)
  2 centaurs (D:5)
  A kobold brigand (D:6)
  6 bullfrogs
  An elf zombie (Ossuary)
  Blork the orc (D:6)
  4 scorpions
  A cane toad simulacrum (Gauntlet)
  5 killer bees (D:8)
  A howler monkey (D:6)
  7 hounds
  2 centaur zombies (Ossuary)
  A human zombie (Ossuary)
  3 jellies
  10 orc priests
  2 iguanas (D:5)
  3 sleepcaps
  Natasha (thrice) (D:3)
  9 orc wizards
  A hound zombie (Ossuary)
  4 mummies
  Robin (D:2)
  10 adders
  3 gnolls
  2 white imps
  An ufetubus (D:4)
  3 adder zombies (Ossuary)
  3 worms
  3 dart slugs
  40 orcs
  11 ball pythons
  13 bats
  9 endoplasms
  A giant cockroach (D:2)
  4 gnoll zombies (Ossuary)
  27 goblins
  17 hobgoblins
  11 jackals
  7 kobolds
  4 quokkas
  6 frilled lizards
  5 goblin zombies (Ossuary)
  5 hobgoblin zombies
  3 jackal zombies (Ossuary)
  7 kobold zombies
  An orc zombie (Ossuary)
  4 quokka zombies (Ossuary)
  5 rats
  2 rat zombies (Ossuary)
336 creatures vanquished.

Vanquished Creatures (others)
  2 gnolls (D:5)
2 creatures vanquished.

Grand Total: 338 creatures vanquished

Notes
Turn   | Place    | Note
-------+----------+-------------------------------------------
     0 | D:1      | themarg the Troll Gladiator began the quest for the Orb.
     0 | D:1      | Reached XP level 1. HP: 19/19 MP: 0/0
   116 | D:1      | Reached XP level 2. HP: 28/28 MP: 1/1
   342 | D:1      | Reached XP level 3. HP: 35/35 MP: 2/2
  1047 | D:2      | Reached XP level 4. HP: 44/44 MP: 3/3
  1259 | D:2      | Noticed Robin
  1268 | D:2      | Killed Robin
  1335 | D:2      | You fall into a shaft and drop 2 floors!
  1502 | D:4      | Reached skill level 5 in Unarmed Combat
  1502 | D:4      | Reached XP level 5. HP: 52/52 MP: 4/4
  1579 | D:4      | Noticed a black bear
  1593 | D:4      | Reached XP level 6. HP: 61/61 MP: 5/5
  1776 | D:4      | Found a sand-covered staircase.
  1782 | Ossuary  | Entered an ossuary
  1918 | Ossuary  | Reached XP level 7. HP: 51/68 MP: 6/6
  2155 | D:4      | Found a radiant altar of Vehumet.
  2446 | D:3      | Noticed Natasha
  2451 | D:3      | Killed Natasha
  2741 | D:3      | Noticed Natasha
  2749 | D:3      | Killed Natasha
  2978 | D:3      | Noticed Natasha
  2980 | D:3      | Killed Natasha
  3109 | D:4      | Found a glowing golden altar of the Shining One.
  3543 | D:5      | Entered Level 5 of the Dungeon
  3571 | D:5      | Found a staircase to the Ecumenical Temple.
  3580 | Temple   | Entered the Ecumenical Temple
  3597 | Temple   | Became a worshipper of Warmaster Okawaru
  3798 | D:5      | Reached XP level 8. HP: 62/79 MP: 7/7
  3898 | D:5      | Reached * piety under Okawaru
  3959 | D:5      | Identified the +0 helmet of the Dungeon {rF+ rC+ Slay+2}
  4280 | D:5      | Found a basalt altar of Yredelemnul.
  4288 | D:5      | Identified the +1 rapier of Plog {flame, Int+4 Dex+2}
  4320 | D:5      | Reached skill level 5 in Fighting
  4466 | D:5      | Found a burning altar of Makhleb.
  4466 | D:5      | Found a hazy altar of Hepliaklqana.
  4466 | D:5      | Found a white marble altar of Elyvilon.
  4874 | D:6      | Noticed Blork the orc
  4878 | D:6      | Killed Blork the orc
  5168 | D:6      | Reached XP level 9. HP: 87/89 MP: 8/8
  5404 | D:6      | Reached skill level 5 in Throwing
  5551 | D:6      | Reached ** piety under Okawaru
  5716 | D:7      | Found a broken altar of Ashenzari.
  5841 | D:7      | Reached skill level 1 in Invocations
  5885 | D:7      | Found Notoz's Serpentskin Sales.
  5909 | D:7      | Bought 5 curare-tipped darts for 72 gold pieces
  6979 | D:8      | Reached *** piety under Okawaru
  7286 | D:9      | Found Umos's Assorted Antiques.
  7289 | D:9      | Bought a white potion for 30 gold pieces
  7351 | D:9      | Found a staircase to the Lair.
  7380 | D:9      | Reached XP level 10. HP: 75/102 MP: 9/12
  7435 | D:9      | Noticed Jeremiah
  7451 | D:9      | Killed Jeremiah
  7828 | D:9      | Reached skill level 5 in Invocations
  8091 | D:9      | Noticed a two-headed ogre
  8103 | D:9      | Killed a two-headed ogre
  8103 | D:9      | Reached **** piety under Okawaru
  8408 | Lair:1   | Entered Level 1 of the Lair of Beasts
  8462 | Lair:1   | Found a gate leading to a gauntlet.
  8463 | Lair:1   | Found the +7 lajatang of Order {silver, rMut}
  8483 | Gauntlet | Entered a Gauntlet
  8483 | Gauntlet | Found a transporter.
  8490 | Gauntlet | Noticed a worldbinder
  8495 | Gauntlet | Found a transporter.
  8508 | Gauntlet | Found a transporter.
  8510 | Gauntlet | Found a large runed translucent door.
  8511 | Gauntlet | Found a large runed translucent door.
  8512 | Gauntlet | Found a large runed translucent door.
  8512 | Gauntlet | Found a large runed translucent door.
  8512 | Gauntlet | Found a runed translucent door.
  8513 | Gauntlet | Found a transporter.
  8513 | Gauntlet | Noticed a sixfirhy
  8514 | Gauntlet | Found a runed translucent door.
  8515 | Gauntlet | Found a large runed translucent door.
  8515 | Gauntlet | Found a large runed translucent door.
  8516 | Gauntlet | Found a large runed translucent door.
  8517 | Gauntlet | Found a large runed translucent door.
  8523 | Gauntlet | Found a large runed translucent door.
  8523 | Gauntlet | Found a large runed translucent door.
  8524 | Gauntlet | Found a large runed translucent door.
  8524 | Gauntlet | Found a large runed translucent door.
  8525 | Gauntlet | Found a large runed translucent door.
  8525 | Gauntlet | Found a large runed translucent door.
  8526 | Gauntlet | Found a runed translucent gate.
  8526 | Gauntlet | Found a runed translucent gate.
  8526 | Gauntlet | Found a runed translucent gate.
  8528 | Gauntlet | Found a transporter.
  8528 | Gauntlet | Noticed a sixfirhy
  8531 | Gauntlet | Noticed a sixfirhy
  8533 | Gauntlet | Noticed a sixfirhy
  8538 | Gauntlet | Found a large runed translucent door.
  8539 | Gauntlet | Found a large runed translucent door.
  8544 | Gauntlet | Noticed a sixfirhy
  8547 | Gauntlet | Found a transporter.
  8547 | Gauntlet | Noticed a sixfirhy
  8551 | Gauntlet | Noticed a sixfirhy
  8557 | Gauntlet | Noticed a reaper
  8559 | Gauntlet | Found a transporter.
  8570 | Gauntlet | Noticed a ghost crab
  8571 | Gauntlet | Found a transporter.
  8583 | Gauntlet | Found a transporter.
  8592 | Gauntlet | Noticed a cyan ugly thing
  8593 | Gauntlet | Noticed a red ugly thing
  8595 | Gauntlet | Found a transporter.
  8599 | Gauntlet | Noticed a great orb of eyes
  8601 | Gauntlet | Found a transporter.
  8601 | Gauntlet | Found a transporter.
  8640 | Gauntlet | Found a transporter.
  8665 | Gauntlet | Found a transporter.
  8667 | Gauntlet | Found a transporter.
  8687 | Gauntlet | Found a transporter.
  8765 | Gauntlet | Found a transporter.
  8785 | Gauntlet | Found a transporter.
  8923 | Gauntlet | Identified the +1 morningstar "Imp's Regret" {pain, rF+
                  | Dex+2 SInv}
  8984 | Gauntlet | Reached skill level 5 in Dodging
  9015 | Gauntlet | Reached skill level 1 in Evocations
  9227 | Gauntlet | Identified the ring "Quclysm" {Fly rN+ Int+3 Dex-5 Slay+2}
  9249 | Gauntlet | Identified the +4 halberd of the Lurker {freeze, rPois}
  9249 | Gauntlet | Noticed a minotaur
  9275 | Gauntlet | Killed a minotaur
  9276 | Gauntlet | Reached XP level 11. HP: 55/113 MP: 8/14
  9802 | Lair:1   | Reached ***** piety under Okawaru
 10344 | Lair:2   | Noticed a six-headed hydra
 10445 | Lair:2   | Slain by a six-headed hydra

Illustrated notes

Levels and vault maps discovered:
D:1:      lemuel_arrival_cross, layout_loops_ring
D:2:      cheibrodos_greedy_goblins, layout_basic, cheibrodos_gnoll_hut,
          uniq_robin
D:3:      minmay_bubble_buster, layout_basic, uniq_natasha
D:4:      minmay_razor_zed, layout_basic, tso_metal_star,
          nicolae_vehumet_altar_sigil, nicolae_ossuary_entry_giza
D:5:      layout_rooms, yredelemnul_altar_generic,
          gammafunk_temple_overflow_claw, minmay_temple_entry_statues,
          grunt_ministairs_13, kb_lookout_dungeons_type, kennysheep_flooded_box,
          dreamdust_gnoll_farm
D:6:      layout_loops_ring, uniq_blork_the_orc
D:7:      layout_basic, nicolae_ashenzari_skybound, guppyfry_shop_venom
D:8:      layout_gridville
D:9:      layout_loops_corners, dpeg_oklobed_lair, serial_shops,
          nicolae_stop_n_shop_2, kennysheep_donut, minmay_misc_feat_tower,
          uniq_jeremiah
Temple:   jpeg_temple_clearing
Lair:1:   layout_gridlike, gauntlet_entry_generic, grunt_forest_stairs_basic,
          beast_lair_carwin_7
Lair:2:   layout_regular_city, serial_forest, infiniplex_forest_straight_4,
          infiniplex_forest_diagonal, infiniplex_forest_end_2,
          infiniplex_forest_zigzag_1, infiniplex_forest_clump_tiny,
          serial_bayou_shore_a

Skill      XL: |  1  2  3  4  5  6  7  8  9 10 11 |
---------------+----------------------------------+-----
Throwing       | 2 4 6 |  6.0
Fighting       | 2 3 4 6 7 8 9 |  9.5
Unarmed Combat | 4 5 6 8 9 |  9.4
Invocations    | 4 6 8 |  8.3
Dodging        | 5 |  5.0
Evocations     | 1 |  1.0

Action                     |  1- 3 |  4- 6 |  7- 9 | 10-12 || total
---------------------------+-------+-------+-------+-------++-------
  Melee: Unarmed           |   108 |   194 |   357 |   190 ||   849
         Punch             |     1 |     5 |    16 |    10 ||    32
         Whip              |       |       |       |     8 ||     8
  Throw: Stone             |     4 |       |    22 |       ||    26
         Large rock        |       |     2 |       |     9 ||    11
         Dart              |       |     1 |    36 |    16 ||    53
         Boomerang         |       |       |    39 |    17 ||    56
         Throwing net      |       |       |       |     1 ||     1
 Invoke: Heroism           |       |       |     1 |     7 ||     8
         Finesse           |       |       |       |     4 ||     4
  Evoke: Wand              |       |       |       |     1 ||     1
    Use: Potion            |     1 |     2 |     1 |     4 ||     8
         Scroll            |       |     1 |    16 |     7 ||    24
   Stab: Sleeping          |     2 |     1 |     2 |       ||     5
 Armour: Robe              |    66 |   130 |   204 |   144 ||   544
  Dodge: Dodged            |    48 |    91 |   112 |    67 ||   318
  Block: Other             |       |    24 |    64 |    36 ||   124
         Reflection        |       |     2 |     3 |       ||     5

Table legend: (Time is in decaauts)
 A = Elapsed time spent in this place.
 B = Non-inter-level travel time spent in this place.
 C = Inter-level travel time spent in this place.
 D = Time resting spent in this place.
 E = Time spent auto-exploring this place.
 F = Levels seen in this place.
 G = Mean time per level.
                   A        B        C        D        E       F      G
               +--------+--------+--------+--------+--------+-----+--------+
         Total |  10296 |   9638 |    658 |    601 |   6297 |  14 |  735.4 |
       Dungeon |   7856 |   7290 |    566 |    343 |   5157 |   9 |  872.9 |
        Temple |    134 |    102 |     32 |    100 |      0 |   1 |  134.0 |
          Lair |   1149 |   1089 |     60 |     34 |    708 |   2 |  574.5 |
       Ossuary |    303 |    303 |      0 |      9 |    130 |   1 |  303.0 |
      Gauntlet |    852 |    852 |      0 |    115 |    302 |   1 |  852.0 |
               +--------+--------+--------+--------+--------+-----+--------+

Top non-repeatable levels by time:
  Lair:1: 1128 daAuts
     D:9: 1102 daAuts
     D:4: 1074 daAuts
     D:5: 1031 daAuts
     D:6: 912 daAuts
Gauntlet: 852 daAuts
     D:3: 837 daAuts
     D:7: 801 daAuts
     D:8: 772 daAuts
     D:1: 749 daAuts
     D:2: 574 daAuts
 Ossuary: 303 daAuts
  Temple: 134 daAuts
  Lair:2: 21 daAuts
